 Dungeon Crawl Stone Soup version 0.28-a0-948-gee6e0bcda6 (webtiles) character file.

Game seed: 12630271579251075629

236 MacCMillion the Changer (level 6, 0/43 HPs)
             Began as a Merfolk Transmuter on Nov 30, 2021.
             Was a Follower of Ru.
             Slain by Duvessa (5 damage)
             ... on level 4 of the Dungeon.
             The game lasted 00:11:31 (3780 turns).

MacCMillion the Changer (Merfolk Transmuter)        Turns: 3780, Time: 00:11:32

Health: 0/43       AC: 10    Str: 11    XL:     6   Next: 6%
Magic:  8/9        EV: 12    Int: 18    God:    Ru [*.....]
Gold:   103        SH:  0    Dex: 14    Spells: 2/8 levels left

rFire   . . .      SeeInvis .     - Unarmed
rCold   . . .      Faith    .   (no shield)
rNeg    . . .      Spirit   .   b - +7 leather armour of the Eight Boll Weevils {Int+4}
rPois   .          Reflect  .   (helmet currently unavailable)
rElec   .          Harm     .   k - scarf {shadows}
rCorr   .          Rampage  .   (no gloves)
Will    .....                   (boots currently unavailable)
Stlth   +.........              (no amulet)
HPRegen 0.14/turn               (no ring)
MPRegen 0.11/turn               (no ring)

@: appendages
A: horns 2, unskilled 1, (nimble swimmer 2), mertail
a: End Transformation, Renounce Religion


You were on level 4 of the Dungeon.
You worshipped Ru.
Ru was aware of your devotion.
You had temporarily grown beastly horns.
You visited 1 branch of the dungeon, and saw 4 of its levels.

You collected 103 gold pieces.

Inventory:

Armour
 a - a +0 robe
 b - the +7 leather armour of the Eight Boll Weevils (worn) {Int+4}
   (You found it on level 4 of the Dungeon)

   Int:       It affects your intelligence (+4).
 h - a +1 hat (melded)
 k - a scarf of shadows (worn)
 l - a +4 scale mail
Wands
 p - a wand of paralysis (10)
Scrolls
 c - a scroll of amnesia {unknown}
 d - 3 scrolls of identify {unknown}
 f - a scroll of torment {unknown}
 i - a scroll of acquirement {unknown}
 j - a scroll of fear {unknown}
 m - a scroll of teleportation {unknown}
 n - a scroll of magic mapping {unknown}
Potions
 e - 2 potions of attraction {unknown}
 g - a potion of might {unknown}
 q - a potion of curing


   Skills:
 - Level 1.0 Fighting
 - Level 2.4 Dodging
 + Level 4.5 Unarmed Combat
 - Level 1.7 Spellcasting
 * Level 6.1 Transmutations


You had 2 spell levels left.
You knew the following spells:

 Your Spells              Type           Power      Damage    Failure   Level
a - Beastly Appendage     Tmut           46%        N/A       1%          1
b - Wereblood             Tmut           23%        N/A       3%          2
c - Spider Form           Tmut/Pois      12%        N/A       21%         3

Your spell library contained the following spells:

 Spells                   Type           Power      Damage    Failure   Level
 Ensorcelled Hibernation  Hex/Ice        2%         N/A       36%         2
 Static Discharge         Conj/Air       1%         N/A       36%         2
 Ice Form                 Ice/Tmut       12%        N/A       56%         4
 Dispel Undead            Necr           1%         3d6       94%         4
 Sticky Flame             Conj/Fire      1%         2d3       94%         4


Dungeon Overview and Level Annotations

Branches:
Dungeon (4/15)
 Temple: D:4-7

Altars:
Ru

Annotations:
D:3 Sigmund
D:4 Dowan, Duvessa


Innate Abilities, Weirdness & Mutations

You have temporarily grown beastly horns.
You are somewhat unskilled. (-1 Apt)
((You are quick and stealthy near water. (Stealth+, EV+, Speed+++)))
Your lower body shifts to a powerful aquatic tail in water.


Message History

Duvessa hits you with a +0 short sword. Duvessa barely misses you.
You closely miss Duvessa.
Duvessa is heavily wounded.
Duvessa says, "Did you see that move?
Perfect!"
Duvessa hits you with a +0 short sword.
You hit Duvessa but do no damage.
Duvessa is heavily wounded.
Duvessa hits you with a +0 short sword. Duvessa closely misses you.
You closely miss Duvessa.
Duvessa is heavily wounded.
Duvessa closely misses you.
You hit Duvessa but do no damage. You punch Duvessa, but do no damage.
Duvessa is heavily wounded.
Duvessa hits you with a +0 short sword.
Dowan gestures wildly while chanting.
Dowan blinks!
Casting: Beastly Appendage (safe; 1% risk of failure)
Confirm with . or Enter, or press ? or * to list all spells.
You grow a pair of large bovine horns.
Your +1 hat melds into your body.
Duvessa hits you but does no damage. Dowan casts a spell at you.
The puff of flame hits you! Duvessa hits you with a +0 short sword.
You completely miss Duvessa.
Duvessa is heavily wounded.
Duvessa closely misses you.
You hit Duvessa but do no damage.
Duvessa is heavily wounded.
Duvessa hits you with a +0 short sword!
* * * LOW HITPOINT WARNING * * *
Dowan hits you but does no damage. Duvessa completely misses you.
You hit Duvessa but do no damage.
Duvessa is heavily wounded.
Duvessa hits you with a +0 short sword.
* * * LOW HITPOINT WARNING * * *
Dowan says, "Stay away from my face!"
Dowan barely misses you.
You punch Duvessa! Your headbutt misses Duvessa.
Duvessa is severely wounded.
Duvessa hits you with a +0 short sword.
You die...

#.# #.# ## .... .#
#.####.. ...#....
##.....# ...#.#.#
#...#.# #..e....
#.<...# #.......
#...#.## ##.......
#####.##..###)....!..
..).......e@e.##..#.#.
######.##.##### ..#
#.##.# ..# #.##.# ...
#.##.# #... #.##.#
##.# #. #.# #.#


You could see Duvessa (fast) and Dowan.

Vanquished Creatures
  A water moccasin skeleton (D:3)
  A bullfrog skeleton (D:3)
  7 adders
  A worm (D:3)
  2 dart slugs (D:1)
  8 orcs
  4 ball pythons
  10 endoplasms
  A giant cockroach (D:1)
  6 hobgoblins
  3 jackals (D:3)
  8 kobolds
  5 quokkas
  8 bats
  2 frilled lizards (D:1)
  6 goblins
  6 rats
79 creatures vanquished.

Notes
Turn   | Place    | Note
-------+----------+-------------------------------------------
     0 | D:1      | MacCMillion the Merfolk Transmuter began the quest for the
                  | Orb.
     0 | D:1      | Reached XP level 1. HP: 15/15 MP: 3/3
   184 | D:1      | Reached skill level 3 in Transmutations
   294 | D:1      | Reached XP level 2. HP: 12/21 MP: 3/5
   429 | D:1      | Learned a level 2 spell: Wereblood
   813 | D:1      | Reached XP level 3. HP: 26/26 MP: 4/6
  1128 | D:2      | Reached skill level 4 in Transmutations
  1357 | D:2      | Learned a level 3 spell: Spider Form
  1374 | D:2      | Reached XP level 4. HP: 26/32 MP: 4/7
  1505 | D:2      | You fall into a shaft and drop 2 floors!
  1505 | D:4      | Found a sacrificial altar of Ru.
  1511 | D:4      | Became a worshipper of Ru the Awakened
  1521 | D:4      | Identified the +7 leather armour of the Eight Boll Weevils
                  | {Int+4}
  2627 | D:3      | Reached XP level 5. HP: 37/37 MP: 2/8
  2630 | D:3      | Reached skill level 5 in Unarmed Combat
  2630 | D:3      | Reached skill level 5 in Transmutations
  2950 | D:3      | Reached skill level 6 in Transmutations
  3222 | D:3      | Noticed Sigmund
  3339 | D:3      | Reached XP level 6. HP: 40/43 MP: 9/9
  3339 | D:3      | Gained mutation: You are somewhat unskilled. (-1 Apt) [Ru
                  | sacrifice]
  3339 | D:3      | Reduced skill Spellcasting to level 1
  3339 | D:3      | Reached * piety under Ru
  3554 | D:3      | Found a faded altar of an unknown god.
  3745 | D:4      | Noticed Duvessa
  3746 | D:4      | Noticed Dowan
  3780 | D:4      | Slain by Duvessa

Illustrated notes

Levels and vault maps discovered:
D:1:      dpeg_arrival_tiny_a, layout_basic
D:2:      layout_rooms, minmay_misc_feat_ornament, minmay_misc_feat_diagonals,
          wad_orctagon
D:3:      layout_loops_cross, hellmonk_ecumenical_altar_prayer_group,
          kennysheep_generic_room_2, uniq_sigmund
D:4:      minmay_diamond_boxcup, layout_loops_ring, nicolae_ru_awakened_eye,
          uniq_grinder, uniq_duvessa

Skill      XL: |  1  2  3  4  5  6 |
---------------+-------------------+-----
Transmutations | 3 4 6 |  6.1
Unarmed Combat | 4 5 4 |  4.5
Spellcasting   | 1 |  1.7
Fighting       | |  1.0
Dodging        | |  2.4

Action                   |  1- 3 |  4- 6 || total
-------------------------+-------+-------++-------
Melee: Unarmed           |    96 |   197 ||   293
       Headbutt          |     5 |    14 ||    19
       Punch             |       |     2 ||     2
 Cast: Beastly Appendage |    15 |    19 ||    34
       Wereblood         |     5 |     6 ||    11
       Spider Form       |       |     2 ||     2
Invok: Sacrifice Skill   |       |     1 ||     1
  Use: Potion            |     1 |     2 ||     3
 Stab: Sleeping          |     3 |       ||     3
       Distracted        |       |     1 ||     1
Armor: Robe              |    28 |     5 ||    33
       Leather armour    |       |    59 ||    59
Dodge: Dodged            |    62 |   124 ||   186

Table legend: (Time is in decaauts)
 A = Elapsed time spent in this place.
 B = Non-inter-level travel time spent in this place.
 C = Inter-level travel time spent in this place.
 D = Time resting spent in this place.
 E = Time spent auto-exploring this place.
 F = Levels seen in this place.
 G = Mean time per level.
                   A        B        C        D        E       F      G
               +--------+--------+--------+--------+--------+-----+--------+
         Total |   3765 |   3674 |     91 |    763 |   2122 |   4 |  941.2 |
       Dungeon |   3765 |   3674 |     91 |    763 |   2122 |   4 |  941.2 |
               +--------+--------+--------+--------+--------+-----+--------+

Top non-repeatable levels by time:
     D:1: 1327 daAuts
     D:3: 1284 daAuts
     D:2: 1024 daAuts
     D:4: 128 daAuts
